 Dungeon Crawl Stone Soup version 0.29.1-12-g30fa7ad0bf (webtiles) character file.

Game seed: 15006230348224037344

242 BabyfaceFinlayson the Sneak (level 5, -2/25 HPs)
             Began as a Spriggan Enchanter on Jan 14, 2023.
             Slain by a gnoll bouda
             ... wielding a +0 whip
              (8 damage)
             ... on level 4 of the Dungeon.
             The game lasted 00:11:58 (3953 turns).

BabyfaceFinlayson the Sneak (Spriggan Enchanter)    Turns: 3953, Time: 00:11:58

Health: -2/25      AC:  2    Str:  6    XL:     5   Next: 81%
Magic:  9/11       EV: 18    Int: 17    God:
Gold:   122        SH:  0    Dex: 15    Spells: 2/11 levels left

rFire   . . .      SeeInvis +   a - +1 dagger
rCold   . . .      Faith    .   (no shield)
rNeg    . . .      Spirit   .   b - +0 robe
rPois   .          Reflect  .   (helmet restricted)
rElec   .          Harm     +   e - scarf {harm}
rCorr   .          Rampage  .   (gloves unavailable)
Will    .....                   (boots unavailable)
Stlth   +++.......              (no amulet)
HPRegen 0.08/turn               (no ring)
MPRegen 0.12/turn               (no ring)

@: weakened, very quick
A: very small, no large weapons, unfitting armour, see invisible, speed 3
a: no special abilities


You were on level 4 of the Dungeon.
You visited 1 branch of the dungeon, and saw 4 of its levels.

You collected 122 gold pieces.

Inventory:

Hand Weapons
 a - a +1 dagger (weapon)
Missiles
 m - 7 poisoned darts (quivered)
Armour
 b - a +0 robe (worn)
 e - a scarf of harm (worn)
Jewellery
 d - an amulet of regeneration
Scrolls
 h - a scroll of blinking
 i - a scroll of poison
 l - a scroll of enchant weapon
 p - a scroll of brand weapon
Potions
 c - 3 potions of invisibility
 f - 2 potions of attraction
 g - a potion of might {unknown}
 j - 3 potions of ambrosia {unknown}
 n - 2 potions of curing {unknown}
 o - a potion of haste {unknown}


   Skills:
 + Level 0.6 Fighting
 + Level 2.5 Short Blades
 + Level 3.5 Dodging
 + Level 6.6 Stealth
 + Level 3.7 Spellcasting
 + Level 4.8 Hexes
 + Level 0.9 Ice Magic


You had 2 spell levels left.
You knew the following spells:

 Your Spells              Type           Power      Damage    Failure   Level
a - Ensorcelled Hibernat  Hex/Ice        24%        N/A       8%          2
b - Magic Dart            Conj           12%        1d3       16%         1
c - Confusing Touch       Hex            19%        N/A       7%          3
d - Tukima's Dance        Hex            19%        N/A       7%          3

Your spell library contained the following spells:

 Spells                   Type           Power      Damage    Failure   Level
 Call Imp                 Summ           3%         N/A       24%         2
 Dazzling Flash           Conj/Hex       22%        N/A       19%         3
 Mephitic Cloud           Conj/Pois/Air  3%         N/A       43%         3


Dungeon Overview and Level Annotations

Branches:
Dungeon (4/15)
 Temple: D:4-7

Altars:
Uskayaw
Vehumet

Shops:
D:2 ([?[

Annotations:
D:4 2 transporters, mys's ghost, amateur DrTm


Innate Abilities, Weirdness & Mutations

You are very small and have problems with some larger weapons.
You are too small for most types of armour.
You have supernaturally acute eyesight. (SInv)
You cover ground extremely quickly. (Speed+++)


Message History

Aim: an iguana (chance to affect: 54%)
The iguana looks drowsy...
The helpless iguana fails to defend itself.
You impale the iguana!!
You kill the iguana!
You start resting.
A gnoll comes into view.
It is wielding a +0 club and quivering poisoned darts.
Found 5 stones.
Found 3 gold pieces.
Found a viscous purple potion.
Found a transporter.
You start resting.
Mys's ghost turns its malevolent gaze towards you.
The ogre shouts!
A gnoll bouda comes into view. It is wielding a +0 whip.
Mys's ghost screams, "I was like you once." 2 gnolls come into view.
Casting: Ensorcelled Hibernation (safe; 8% risk of failure)
Confirm with . or Enter, or press ? or * to list all spells.
Aiming: Ensorcelled Hibernation (safe; 8% risk of failure)
Press: ? - help, Shift-Dir - straight line, f - gnoll bouda
Aim: a gnoll bouda, wielding a +0 whip and wearing a +0 leather armour (wandering, hasn't noticed you, chance to affect: 46%)
The gnoll bouda shouts!
The gnoll bouda resists with some effort.
The gnoll shouts!
The gnoll throws a throwing net.
The throwing net hits you.
You become entangled in the net!
The gnoll bouda barks out a call to the hunt!
You struggle against the net.
A gnoll comes into view. It is wielding a +0 halberd.
You struggle against the net.
The gnoll bouda gazes fiercely through you!
You feel your attacks grow feeble.
The gnoll bouda hits you with a +0 whip!
* * * LOW HITPOINT WARNING * * *
You rip the net and break free!
An iguana comes into view.
The gnoll throws a poisoned dart.
The poisoned dart completely misses you.
The gnoll bouda hits you with a +0 whip!
You die...

#..##...##..
##...WO($...©
###############
#.......©.©....
#!...........
#.#..... # #.##.#.#
#..## #.##.#.# #
#.[.#@##.#.##..#
#..g...#.##..#
#.g.#......<...#
#.gg#...#..#.##.#
l.#...#......##[#
#...#...#....##.#
.#...#...##.##.#####
..#...#.##.....>..#
#...#..$##.##.[#<.#


You could see an ogre, a gnoll bouda, an iguana (wandering), mys's ghost and 3
gnolls.

Vanquished Creatures
  An iguana (D:4)
  Jessica (D:2)
  Natasha (twice) (D:2)
  An orc wizard (D:3)
  4 adders
  A worm (D:2)
  2 dart slugs (D:1)
  5 orcs (D:3)
  9 endoplasms
  2 giant cockroaches (D:2)
  6 goblins
  4 hobgoblins
  4 jackals (D:2)
  A quokka (D:3)
  8 ball pythons
  3 bats
  2 frilled lizards
  8 kobolds
  4 rats
68 creatures vanquished.

Notes
Turn   | Place    | Note
-------+----------+-------------------------------------------
     0 | D:1      | BabyfaceFinlayson the Spriggan Enchanter began the quest
                  | for the Orb.
     0 | D:1      | Reached XP level 1. HP: 9/9 MP: 5/5
   206 | D:1      | Found a faded altar of an unknown god.
   236 | D:1      | Reached XP level 2. HP: 13/13 MP: 6/6
   239 | D:1      | Learned a level 2 spell: Ensorcelled Hibernation
  1418 | D:2      | Reached XP level 3. HP: 16/16 MP: 8/8
  1436 | D:2      | Found Foastix's Antique Armour Emporium.
  1500 | D:2      | Learned a level 1 spell: Magic Dart
  1547 | D:2      | Reached skill level 5 in Stealth
  1793 | D:2      | Noticed Jessica
  1800 | D:2      | Killed Jessica
  1801 | D:2      | Reached XP level 4. HP: 21/21 MP: 4/9
  2111 | D:2      | Found Horchyki's Magic Scroll Boutique.
  2111 | D:2      | Noticed Natasha
  2118 | D:2      | Killed Natasha
  2411 | D:2      | Found Yzxou's Armour Boutique.
  2653 | D:2      | Noticed Natasha
  2657 | D:2      | Killed Natasha
  2658 | D:2      | Reached XP level 5. HP: 25/25 MP: 3/10
  2714 | D:2      | Found Hiydy's Weapon Emporium.
  2798 | D:2      | Learned a level 3 spell: Confusing Touch
  2802 | D:2      | Learned a level 3 spell: Tukima's Dance
  3004 | D:3      | Found a radiant altar of Vehumet.
  3110 | D:3      | Reached skill level 6 in Stealth
  3381 | D:3      | Found a hide-covered altar of Uskayaw.
  3892 | D:4      | Found a transporter.
  3938 | D:4      | Noticed mys's ghost (amateur DrTm)
  3940 | D:4      | Found a transporter.
  3940 | D:4      | Identified the +3 great mace "Kuxt" {protect, Str+4 Int+4}
  3940 | D:4      | Noticed an ogre
  3953 | D:4      | Slain by a gnoll bouda

Illustrated notes

Levels and vault maps discovered:
D:1:      dpeg_arrival_water_temple_mockup, layout_basic,
          shapermc_ecumenical_altar_flowoftime, kennysheep_boxes
D:2:      layout_loops_ring, serial_shops, nicolae_shop_advertising_works
          [nicolae_subvault_shop_adworks], nicolae_lakefront_shop,
          nicolae_shop_window_shopping, shop_statue, uniq_natasha, uniq_jessica
D:3:      layout_loops_cross, mainiacjoe_overflow_chevrons, lemuel_tele_altar,
          minmay_misc_feat_diagonals
D:4:      layout_loops_ring, regret_index_temple_of_mockery,
          minmay_temple_entry_butterflies, gammafunk_ghost_smash,
          chequers_serial_rivers_small_b, hex_medium, dreamdust_gnoll_farm

Skill      XL: |  1  2  3  4  5 |
---------------+----------------+-----
Hexes          | 4 |  4.8
Dodging        | 3 |  3.5
Stealth        | 5 6 |  6.6
Short Blades   | 2 |  2.5
Spellcasting   | 3 |  3.7
Fighting       | |  0.6
Ice Magic      | |  0.9

Action                   |  1- 3 |  4- 6 || total
-------------------------+-------+-------++-------
Melee: Dagger            |    94 |    76 ||   170
Throw: Dart              |     3 |       ||     3
 Cast: Ensorcelled Hiber |    19 |    33 ||    52
       Magic Dart        |     2 |     5 ||     7
  Use: Scroll            |       |     7 ||     7
       Potion            |       |     1 ||     1
 Stab: Sleeping          |    15 |    26 ||    41
       Distracted        |     1 |     1 ||     2
Armor: Robe              |     7 |    11 ||    18
Dodge: Dodged            |    62 |    86 ||   148
